Map: New Repugnancy LE

Players

Lisandro

  • Race: Protoss Protoss
  • Spawn Location: 7:00

SouLeer - Winner!

  • Race: Zerg Zerg
  • Spawn Location: 1:00

Event: 2019 WCS Summer

VOD

Have the link to the VOD?

Description

Time

  • Played on: July 12, 2019, 7:23 a.m.
  • Length: 17:05

All games in this series

Show
View Real Time Build Order
Export as new Build Order

Lisandro Protoss 

Build Orders: 1 Gate Expand, Oracle Opening, Phoenix Opening 

Get SALT Encoding   

  12  0:00  Probe  
  13  0:13  Probe  
  14  0:19  Pylon  
  14  0:24  Probe  
  15  0:33  Probe  
  15  0:38  Gateway  
  15  0:41  Probe  
  16  0:48  Assimilator  
  17  0:52  Probe  
  18  1:04  Probe  
  19  1:16  Probe  
  20  1:34  Nexus  
  20  1:38  Cybernetics Core  
  20  1:41  Assimilator  
  20  1:42  Probe  
  21  1:51  Probe  
  21  1:52  Pylon  
  21  1:59  Probe  
  22  2:04  Adept  
  23  2:11  Probe  
  26  2:20  Stargate  
  26  2:26  Probe  
  26  2:28  Warp Gate  
  27  2:34  Adept  
  29  2:39  Probe  
  30  2:46  Probe, Gateway  
  31  2:53  Probe  
  31  2:54  Probe  
  32  3:00  Phoenix  
  32  3:05  Probe  
  36  3:10  Probe  
  37  3:17  Probe  
  38  3:20  Oracle  
  38  3:22  Probe  
  42  3:27  Pylon  
  42  3:29  Probe  
  43  3:34  Probe  
  43  3:40  Robotics Facility  
  43  3:41  Probe  
  45  3:47  Probe  
  46  3:50  Gateway  
  46  3:53  Probe  
  46  3:54  Gateway  
  47  3:59  Probe  
  48  4:05  Probe, Assimilator  
  48  4:06  Gateway  
  49  4:12  Gateway  
  49  4:13  Probe  
  50  4:19  Pylon  
  50  4:24  Gateway  
  50  4:26  Sentry x2  
  50  4:30  Warp Prism  
  54  4:38  Pylon  
  56  4:45  Sentry  
  58  4:48  Probe  
  58  4:50  Pylon  
  58  4:52  Sentry  
  61  4:57  Pylon  
  61  4:59  Sentry  
  63  5:01  Zealot x2  
  63  5:05  Immortal  
  64  5:15  Stalker  
  64  5:17  Zealot x2  
  74  5:25  Adept x2  
  78  5:28  Pylon  
  78  5:41  Pylon  
  78  5:48  Adept  
  78  5:49  Adept x3, Pylon  
  86  6:00  Pylon  
  86  6:03  Sentry x2  
  90  6:04  Zealot  
  90  6:09  Stalker  
  94  6:14  Probe  
  94  6:15  Probe  
  94  6:16  Adept x2  
  94  6:17  Adept  
  100  6:21  Sentry  
  94  6:26  Zealot x2  
  94  6:27  Zealot  
  99  6:38  Probe  
  82  6:41  Adept x4  
  82  6:43  Probe  
  83  6:51  Zealot  
  85  7:01  Sentry  
  85  7:02  Zealot x2  
  87  7:10  Adept  
  65  7:16  Zealot  
  65  7:18  Probe  
  54  7:25  Probe  
  55  7:30  Adept x2  
  55  7:37  Zealot  
  52  7:48  Probe  
  52  7:50  Zealot x2  
  49  7:56  Probe  
  49  7:57  Warp Prism  
  47  8:05  Probe  
  44  8:07  Probe  
  42  8:13  Probe, Sentry  
  46  8:20  Probe  
  46  8:23  Probe, Zealot  
  49  8:32  Probe, Adept  
  49  8:33  Zealot  
  53  8:35  Probe  
  54  8:43  Probe  
  54  8:44  Probe  
  54  8:46  Sentry  
  54  8:47  Zealot  
  60  8:55  Sentry  
  60  8:56  Zealot, Probe  
  60  8:58  Probe  
  64  9:08  Assimilator  
  64  9:09  Sentry  
  66  9:14  Zealot x4  
  74  9:20  Sentry  
  74  9:22  Probe  
  77  9:24  Pylon  
  77  9:33  Sentry, Zealot  
  77  9:35  Zealot x2  
  85  9:44  Zealot x2  
  75  9:46  Sentry  
Show
View Real Time Build Order
Export as new Build Order

SouLeer Zerg - Winner!

Build Orders: Hatch First 

Get SALT Encoding   

  12  0:00  Drone  
  13  0:12  Overlord  
  13  0:17  Drone  
  14  0:30  Drone x2  
  16  0:48  Hatchery  
  15  0:51  Drone  
  15  0:55  Drone  
  17  0:58  Drone  
  18  1:09  Extractor  
  17  1:15  Spawning Pool  
  17  1:17  Drone  
  17  1:21  Drone  
  18  1:28  Drone  
  19  1:39  Drone  
  20  1:49  Overlord  
  20  2:02  Zergling x2, Queen x2  
  20  2:03  Zergling x2  
  26  2:10  Metabolic Boost  
  26  2:11  Drone  
  26  2:13  Drone  
  29  2:22  Drone  
  29  2:23  Drone  
  30  2:35  Hatchery  
  29  2:40  Drone x2  
  31  2:44  Drone  
  31  2:47  Overlord  
  32  2:54  Queen  
  32  2:56  Drone  
  35  2:58  Drone  
  36  3:11  Drone x3  
  36  3:12  Drone x2  
  41  3:16  Overlord  
  41  3:19  Drone  
  42  3:26  Drone  
  43  3:29  Lair  
  43  3:30  Overlord  
  43  3:37  Drone, Spore Crawler  
  43  3:39  Spore Crawler  
  42  3:42  Queen  
  42  3:44  Drone  
  45  3:48  Drone  
  45  3:49  Drone x2  
  45  3:51  Extractor  
  47  3:56  Evolution Chamber  
  47  3:57  Drone x2  
  47  3:59  Drone x2  
  47  4:02  Spore Crawler  
  49  4:06  Drone x2  
  51  4:10  Overlord  
  51  4:12  Drone  
  51  4:14  Drone  
  51  4:15  Drone  
  54  4:22  Baneling Nest  
  53  4:26  Zergling x10  
  53  4:30  Zerg Melee Weapons Level 1  
  58  4:32  Zergling x2  
  58  4:34  Zergling x4  
  61  4:38  Queen  
  61  4:44  Zergling x8  
  66  4:47  Overlord  
  66  4:55  Overlord  
  66  4:57  Overlord  
  66  5:04  Queen  
  66  5:06  Overlord  
  67  5:10  Zergling x2  
  67  5:11  Zergling x6, Queen  
  67  5:13  Overlord  
  73  5:17  Zergling x4  
  73  5:19  Zergling x4  
  77  5:23  Zergling x6  
  77  5:27  Baneling x5  
  77  5:28  Baneling  
  80  5:29  Zergling x2  
  80  5:33  Zergling x4  
  83  5:40  Zergling x6  
  83  5:41  Zergling x6  
  89  5:43  Zergling x2  
  89  5:45  Zergling x2  
  89  5:49  Zergling x2  
  92  5:53  Zergling x8  
  91  6:08  Zergling x8  
  91  6:09  Zergling x4  
  91  6:10  Baneling  
  91  6:11  Baneling x2  
  97  6:12  Baneling  
  97  6:13  Baneling  
  97  6:14  Baneling  
  97  6:15  Baneling  
  97  6:16  Zergling x2  
  97  6:18  Hatchery  
  94  6:26  Zergling x4  
  94  6:27  Zergling x2  
  94  6:28  Baneling x3  
  94  6:32  Zergling x8  
  99  6:35  Zergling x2  
  99  6:38  Zergling x6  
  96  6:41  Baneling x5  
  96  6:43  Zergling x4  
  82  6:54  Zergling x4  
  82  6:58  Baneling x5  
  78  7:06  Zergling x4  
  73  7:14  Zergling x2  
  63  7:18  Zergling x2  
  61  7:25  Zergling x2  
  61  7:27  Baneling x2, Queen x2  
  61  7:28  Zergling x2  
  63  7:35  Zergling x2  
  61  7:38  Zergling x2  
  58  7:46  Zergling x2  
  52  7:52  Zergling x2  
  46  7:58  Zergling x4  
  46  8:03  Queen  
  46  8:04  Zergling x6  
  47  8:14  Zergling x4  
  47  8:19  Zergling x4, Zerg Melee Weapons Level 2  
  51  8:20  Centrifical Hooks  
  51  8:21  Zergling x2  
  51  8:26  Burrow  
  52  8:27  Zergling x2  
  52  8:32  Zergling x4  
  55  8:36  Baneling x2  
  55  8:37  Spine Crawler  
  55  8:38  Spine Crawler  
  55  8:40  Zergling x2  
  53  8:43  Zergling x10  
  53  8:48  Zergling x8  
  62  8:53  Zergling x6  
  62  8:54  Zergling x2  
  65  8:58  Baneling  
  65  8:59  Baneling x3  
  65  9:00  Zergling x2  
  65  9:07  Zergling x2  
  65  9:08  Zergling x4  
  68  9:12  Zergling x4  
  68  9:13  Zergling x2  
  68  9:16  Zergling x2  
  72  9:22  Zergling x6  
  75  9:24  Baneling  
  75  9:27  Zergling x4  
  75  9:30  Zergling x2  
  77  9:34  Zergling x2  
  77  9:35  Zergling x2  
  78  9:39  Zergling x4  
  78  9:42  Zergling x4  
  70  9:46  Zergling x4  
  70  9:48  Zergling x2  
Tags
 
Add a new tag
Caveats
  • Supply blocks, unpowered buildings, or Contaminate may cause inaccurate times.
  • Supply counts are checked every 10 seconds.